 Dungeon Crawl Stone Soup version 0.28.0-43-g3370ac3207 (webtiles) character file.

Game seed: 7859589143457677976

147 issech the Cudgeller (level 5, -5/53 HPs)
             Began as a Troll Monk on Mar 30, 2022.
             Slain by an ogre
             ... wielding a +0 giant spiked club
              (27 damage)
             ... on level 4 of the Dungeon.
             The game lasted 00:05:49 (1375 turns).

issech the Cudgeller (Troll Monk)                   Turns: 1375, Time: 00:05:50

Health: -5/53      AC:  4    Str: 19    XL:     5   Next: 8%
Magic:  4/4        EV: 10    Int:  6    God:
Gold:   89         SH:  0    Dex: 14    Spells: 4/4 levels left

rFire   . . .      SeeInvis .   a - +0 mace
rCold   . . .      Faith    .   (no shield)
rNeg    . . .      Spirit   .   b - +0 robe
rPois   .          Reflect  .   (helmet restricted)
rElec   .          Harm     .   (no cloak)
rCorr   .          Rampage  .   (gloves unavailable)
Will    .....                   (boots unavailable)
Stlth   ++........              (no amulet)
HPRegen 0.97/turn               (no ring)
MPRegen 0.09/turn               (no ring)

@: no status effects
A: large, unfitting armour, claws 3, regeneration 1, shaggy fur 1, tough skin 1
a: no special abilities


You were on level 4 of the Dungeon.
You visited 1 branch of the dungeon, and saw 4 of its levels.

You collected 89 gold pieces.

Inventory:

Hand Weapons
 a - a +0 mace (weapon)
 k - a +1 trident of venom
 p - a +1 short sword of venom
 w - a +3 short sword
Missiles
 l - 12 arrows
 m - 2 poisoned darts
 o - 24 stones (quivered)
 q - 23 bolts
 u - 32 sling bullets
Armour
 b - a +0 robe (worn)
Scrolls
 c - a scroll of silence {unknown}
 g - a scroll of identify {unknown}
 h - a scroll of enchant armour {unknown}
 i - a scroll of holy word {unknown}
 j - 2 scrolls of noise {unknown}
 n - a scroll of fog {unknown}
 t - 3 scrolls of amnesia {unknown}
 v - a scroll of magic mapping {unknown}
Potions
 d - a potion of ambrosia {unknown}
 e - a potion of curing {unknown}
 f - a potion of cancellation {unknown}
 r - 2 potions of might {unknown}
 s - a potion of brilliance {unknown}
 x - a potion of haste {unknown}


   Skills:
 + Level 3.0 Fighting
 + Level 4.1 Maces & Flails
 + Level 3.2 Dodging
 + Level 1.2 Stealth


You had 4 spell levels left.
You didn't know any spells.
Your spell library contained the following spells:

 Spells                   Type           Power      Damage    Failure   Level
 Animate Skeleton         Necr           0%         N/A       45%         1
 Foxfire                  Conj/Fire      0%         2x1d4     45%         1
 Pain                     Necr           0%         1d4       45%         1
 Conjure Flame            Conj/Fire      0%         6-21      83%         3
 Inner Flame              Hex/Fire       0%         N/A       83%         3
 Portal Projectile        Hex/Tloc       0%         N/A       83%         3
 Vampiric Draining        Necr           0%         2d6       83%         3
 Flame Wave               Conj/Fire      0%         2d4       99%         4
 Blade Hands              Tmut           0%         N/A       100%        5
 Excruciating Wounds      Necr           0%         N/A       100%        5
 Borgnjor's Revivificati  Necr           0%         N/A       100%        8
 Necromutation            Tmut/Necr      0%         N/A       100%        8
 Death's Door             Necr           0%         N/A       100%        9


Dungeon Overview and Level Annotations

Branches:
Dungeon (4/15)
 Temple: D:4-7

Altars:
Dithmenos

Shops:
D:1 =


Innate Abilities, Weirdness & Mutations

You are too large for most types of armour.
You have claws for hands.
Your natural rate of healing is unusually fast.
You are covered in fur. (AC +1)
You have tough skin. (AC +1)


Message History

Aim: an ogre, wielding a +0 giant spiked club (lightly wounded, 74% to hit)
You throw a stone. The stone hits the ogre.
The ogre is lightly wounded.
You hit the ogre.
The ogre is moderately wounded.
The ogre hits you with a +0 giant spiked club!!
You completely miss the ogre.
The ogre is moderately wounded.
The ogre hits you with a +0 giant spiked club!
You sock the ogre!
The ogre is heavily wounded.
The ogre hits you with a +0 giant spiked club!
* * * LOW HITPOINT WARNING * * *
You see here a frilled lizard corpse.
There is a stone staircase leading down here.
You climb downwards.
There is a stone staircase leading up here.
The orc shouts! x4; You hear a shout!
Found 20 stones.
A goblin comes into view. It is wielding a +5 dagger.
The goblin shouts!
An ogre comes into view. It is wielding a +0 giant spiked club.
The ogre shouts!
The ogre hits you with a +0 giant spiked club!!
Ouch! That really hurt!
* * * LOW HITPOINT WARNING * * *
The ogre misses you. The ogre barely misses you.
Found an Everburning Encyclopedia.
The orc closely misses you.
Unknown command.
You closely miss the orc. The orc completely misses you.
You hit the orc.
You kill the orc!
You completely miss the ogre.
The ogre hits you with a +0 giant spiked club!
You hit the ogre.
The ogre is lightly wounded.
The ogre hits you with a +0 giant spiked club!!
Ouch! That really hurt!
You die...

### ###
###@#
###.###gO##
#...##..o#
#...#oo.##
#.......#
##.o##.....#
#
#...#####.##
#. ##...##
..# #..
##...o.##
..#


You could see an ogre, 4 orcs and a goblin.

Vanquished Creatures
  Natasha (thrice) (D:2)
  3 adders (D:2)
  An orc (D:4)
  4 ball pythons
  2 endoplasms (D:1)
  5 giant cockroaches
  4 goblins
  4 hobgoblins
  8 kobolds
  3 bats (D:1)
  6 frilled lizards
  2 rats
45 creatures vanquished.

Notes
Turn   | Place    | Note
-------+----------+-------------------------------------------
     0 | D:1      | issech the Troll Monk began the quest for the Orb.
     0 | D:1      | Reached XP level 1. HP: 22/22 MP: 0/0
   110 | D:1      | Reached skill level 3 in Maces & Flails
   119 | D:1      | Reached XP level 2. HP: 28/29 MP: 1/1
   183 | D:1      | Found Hin Nyil's Jewellery Emporium.
   345 | D:1      | Reached XP level 3. HP: 36/36 MP: 2/2
   598 | D:2      | Noticed Natasha
   618 | D:2      | Killed Natasha
   691 | D:2      | Reached XP level 4. HP: 44/44 MP: 3/3
   703 | D:2      | Noticed Natasha
   719 | D:2      | Killed Natasha
   740 | D:2      | Found a shadowy altar of Dithmenos.
   774 | D:2      | Noticed Natasha
   785 | D:2      | Killed Natasha
   786 | D:2      | Reached skill level 4 in Maces & Flails
  1145 | D:2      | Reached XP level 5. HP: 53/53 MP: 4/4
  1267 | D:3      | Found a faded altar of an unknown god.
  1307 | D:3      | Noticed an ogre
  1344 | D:4      | Noticed an ogre
  1375 | D:4      | Slain by an ogre

Illustrated notes

Levels and vault maps discovered:
D:1:      amcnicky_arrival_feature_with_door, layout_rooms, serial_shops,
          nicolae_shop_statue_plus
D:2:      layout_basic, basic_altar, guppyfry_early_lair_pool, uniq_natasha
D:3:      layout_basic, serial_corexii_hall, corexii_hall_statues_s,
          chequers_hall_statues_wall_a, corexii_hall_statues_s,
          corexii_hall_statues_i, chequers_ecumenical_altar_simple_redux,
          minivault_27, interstate_on_off, minmay_crystal_room, uniq_jessica
D:4:      layout_layer_cave, serial_bayou, serial_bayou_pond_c,
          serial_bayou_ford_a, serial_bayou_lagoon_a, serial_bayou_pond_a,
          nicolae_specific_store, uniq_ijyb, uniq_sigmund

Skill      XL: |  1  2  3  4 |
---------------+-------------+-----
Maces & Flails | 3 4 |  4.1
Dodging        | 3 |  3.2
Fighting       | 3 |  3.0
Stealth        | |  1.2

Action                   |  1- 3 |  4- 6 || total
-------------------------+-------+-------++-------
Melee: Mace              |   107 |    47 ||   154
       Punch             |       |     1 ||     1
Throw: Stone             |       |     5 ||     5
 Stab: Distracted        |     1 |       ||     1
       Sleeping          |       |     2 ||     2
Armor: Robe              |    59 |    10 ||    69
Dodge: Dodged            |    82 |    29 ||   111
